 Dungeon Crawl Stone Soup version 0.30-a0-696-g2367cd04db (webtiles) character file.

Game seed: 4790471008427390344

3873 kae the Transmogrifier (level 10, 0/65 HPs)
             Began as a Demonspawn Transmuter on Jan 20, 2023.
             Was a Follower of Ru.
             Slain by a wraith (6 damage)
             ... on level 8 of the Dungeon.
             The game lasted 00:08:05 (7390 turns).

kae the Transmogrifier (Demonspawn Transmuter)      Turns: 7390, Time: 00:08:05

Health: 0/65       AC:  4    Str: 13    XL:     10   Next: 0%
Magic:  18/18      EV: 17    Int: 31    God:    Ru [*.....]
Gold:   407        SH:  0    Dex: 14    Spells: 10/20 levels left

rFire   . . .      SeeInvis .      - Unarmed
rCold   . . .      Faith    .    (no shield)
rNeg    . . .      Spirit   .    a - +0 robe
rPois   .          Reflect  .    r - +0 helmet {Int+3}
rElec   .          Harm     .    (no cloak)
rCorr   .          Rampage  .    (gloves unavailable)
Will    .....                    q - +0 pair of boots
Stlth   +                        A - amulet of the acrobat
HPRegen 2.30/turn                I - +6 ring of intelligence
MPRegen 0.16/turn                v - +6 ring of intelligence

@: mighty, agile, wereblooded
A: powered by death 1, powered by pain 2, hated by all, demonic touch 3
a: Renounce Religion


You were on level 8 of the Dungeon.
You worshipped Ru.
Ru was aware of your devotion.
You visited 2 branches of the dungeon, and saw 9 of its levels.
You also visited: Ossuary.

You collected 447 gold pieces.
You spent 40 gold pieces at shops.


Innate Abilities, Weirdness & Mutations

You regenerate a little health from kills.
You sometimes gain power by taking damage.
You are hated by all.
Your touch may irresistibly damage your foes and sap their willpower.


   Skills:
 - Level 1.0 Fighting
 - Level 1.7 Dodging
 + Level 6.2 Unarmed Combat
 + Level 5.7 Spellcasting
 * Level 8.1 Transmutations
 * Level 6.7 Ice Magic
 - Level 1.7 Poison Magic


You had 10 spell levels left.
You knew the following spells:

 Your Spells              Type           Power      Damage    Failure   Level
a - Beastly Appendage     Tmut           100%       N/A       1%          1
b - Wereblood             Tmut           56%        N/A       1%          2
c - Spider Form           Tmut/Pois      39%        N/A       1%          3
d - Ice Form              Ice/Tmut       53%        N/A       2%          4

Your spell library contained the following spells:

 Spells                   Type           Power      Damage    Failure   Level
 Passwall                 Tmut/Erth      28%        N/A       1%          2
 Magic Dart               Conj           32%        1d4       4%          1
 Sandblast                Erth           16%        2d6       4%          1
 Blink                    Tloc           16%        N/A       8%          2
 Lesser Beckoning         Tloc           16%        N/A       8%          2
 Momentum Strike          Conj/Tloc      16%        3d8       8%          2
 Searing Ray              Conj           16%        2d5       8%          2
 Stone Arrow              Conj/Erth      16%        3d8       16%         3
 Fulminant Prism          Conj/Hex       4%         3d5       45%         4

Inventory:

Missiles
 d - 133 stones
 m - 3 throwing nets {=f!f}
 y - 5 poisoned darts
Armour
 a - a +0 robe (worn)
 q - a +0 pair of boots (worn)
   (You found it on level 4 of the Dungeon)
 r - a +0 helmet of intelligence (worn)
   (You found it on level 4 of the Dungeon)
 B - a +0 pair of gloves
   (You found it on level 6 of the Dungeon)
Magical Staves
 E - a staff of air {!a}
   (You found it on level 7 of the Dungeon)
Jewellery
 i - a +6 ring of intelligence
   (You found it on level 2 of the Dungeon)
 n - a ring of positive energy
   (You found it on level 3 of the Dungeon)
 v - a +6 ring of intelligence (right hand)
   (You found it on level 7 of the Dungeon)
 A - an amulet of the acrobat (around neck)
   (You found it on level 6 of the Dungeon)
 C - a ring of protection from cold
   (You found it on level 4 of the Dungeon)
 F - a ring of protection from fire
   (You found it on level 3 of the Dungeon)
 I - a +6 ring of intelligence (left hand)
   (You found it on level 1 of the Dungeon)
 N - a ring of positive energy
   (You took it off a kobold on level 2 of the Dungeon)
 S - a +6 ring of strength
   (You found it on level 4 of the Dungeon)
Wands
 c - a wand of polymorph (8)
   (You took it off Ijyb on level 3 of the Dungeon)
 u - a wand of roots (13)
   (You found it in an ossuary)
 G - a wand of digging (5)
   (You found it on level 7 of the Dungeon)
Scrolls
 f - 2 scrolls of magic mapping {!r}
 h - 2 scrolls of immolation {!r!r}
 j - 4 scrolls of teleportation {@r4}
 D - a scroll of poison {!r}
 H - a scroll of identify {@r1}
Potions
 b - 5 potions of lignification {!q}
 e - 3 potions of heal wounds {@q2}
 g - 3 potions of cancellation
 k - 3 potions of attraction {!q}
 l - 4 potions of curing {unknown}
 o - a potion of degeneration {!q}
 p - a potion of berserk rage {unknown}
 s - 2 potions of mutation {!q}
 t - a potion of ambrosia
 w - 2 potions of flight
 x - 2 potions of invisibility
 z - a potion of resistance {unknown}

Dungeon Overview and Level Annotations

Branches:
Dungeon (8/15) Zot: 26898  Temple (1/1) D:5 Zot: 5954 Ossuary (visited)
   Lair: D:8-11

Altars:
Ashenzari
Cheibriados
Dithmenos
Gozag
Kikubaaqudgha
Makhleb
Nemelex Xobeh
Okawaru
Qazlal
Ru
Sif Muna
Trog
Uskayaw
Vehumet
Wu Jian
Xom

Shops:
D:1 *   D:3 *

Portals:
Abyss: D:5

Annotations:
D:5 2 transporters, initializr's ghost, novice SpHs

#........~≈~~.~~~
#........≈.~.≈~≈≈
..........~..≈~≈≈
....Y.....S.S..~
#.............. #
#...##....####
...... ###†##
....#...# #W#
......#.# ###@#
......[.# #...#
.....#..###.#.#####
...................
...........##.#####
.........####<#
...........#..#
........##.).## .#
........####..##...#


You could see a wraith and an electric eel (distracted).


Message History

You howl as the wereblood boils in your veins!
The yak closely misses you. 😮 HP[+2]
You regained 2 hp, and now have 50/70 hp.
You hit the yak. You freeze the yak.
The yak gores you but does no damage. 😮 HP[+2]
You regained 2 hp, and now have 52/70 hp.
You punch the yak! You freeze the yak! The yak closely misses you. 😕 HP[+2]
You regained 2 hp, and now have 54/70 hp.
You punch the yak! You freeze the yak.
You feel a bit better.
You kill the yak!
Your Unarmed Combat skill increases to level 6! 😕 HP[+3]
You regained 3 hp, and now have 57/70 hp.
You barely miss the troll. The troll bites you! The troll claws you!
The troll claws you but does no damage. 😮 HP[-20]
You take 20 damage, and now have 37/70 hp.
MASSIVE DAMAGE!! (PAUSE)
You punch the troll! You freeze the troll. The troll bites you!
* * * LOW HITPOINT WARNING * * *
The troll claws you!
* * * LOW HITPOINT WARNING * * *
You focus on the pain.
You feel very mighty all of a sudden. The troll claws you!
* * * LOW HITPOINT WARNING * * *
😱 HP[-25]
You take 25 damage, and now have 12/70 hp.
MASSIVE DAMAGE!! (PAUSE)
You feel much better. The troll bites you.
The troll barely misses you. x2 😮 HP[+27]
You regained 27 hp, and now have 39/70 hp.
You punch the troll! You freeze the troll. The troll bites you!
* * * LOW HITPOINT WARNING * * *
You focus on the pain.
You feel agile all of a sudden. The troll claws you.
* * * LOW HITPOINT WARNING * * *
The troll closely misses you. 😨 HP[-15]
You take 15 damage, and now have 24/70 hp.
MASSIVE DAMAGE!! (PAUSE)
You barely miss the troll. 😨 HP[+1]
You pummel the troll!! You freeze the troll.
You howl as the wereblood boils in your veins!
Your transformation is almost over.
The troll bites you but does no damage. The troll barely misses you.
The troll claws you!
* * * LOW HITPOINT WARNING * * *
😱 HP[-9]
You take 9 damage, and now have 16/70 hp.
You barely miss the troll. The troll bites you.
* * * LOW HITPOINT WARNING * * *
The troll claws you but does no damage. The troll misses you. 😱 HP[-3]
You take 3 damage, and now have 13/70 hp.
You pummel the troll!! You freeze the troll.
You feel a bit better.
You kill the troll!
Your Transmutations skill increases to level 8! 😱 HP[+1]
You pummel the yak!! You freeze the yak!
The yak gores you but does no damage. 😱 HP[+1]
You pummel the yak!! You freeze the yak.
You feel a bit better.
You kill the yak!
The electric eel shoots out a bolt of lightning at you!
The bolt of electricity hits you!
* * * LOW HITPOINT WARNING * * *
The electric eel begins to attack, but is stunned by your conviction! 😱 HP[-6]
You take 6 damage, and now have 9/70 hp.
You see here a +0 pair of gloves. 😱 HP[+1]
You pummel the yak!! You freeze the yak!
The yak is stunned by your conviction and fails to attack. 😱 HP[+1]
You punch the yak! You freeze the yak.
You feel a bit better.
You kill the yak!
You have reached level 10!
Your demonic ancestry asserts itself...
Your hands twist and begin to emit a powerful aura of unholy energy. 😱 HP[+7] MP[+1]
You now have 78 max hp (+8).
You regained 7 hp, and now have 18/78 hp.
Your mp is fully restored (18).
You punch the wraith! You freeze the wraith.
You warm up again.
Your +0 helmet of intelligence unmelds from your body.
Your +0 pair of boots unmelds from your body.
Your +0 robe unmelds from your body.
You feel clever.
You redirect the electric eel's attack!
The electric eel shoots out a bolt of lightning at the wraith!
The bolt of electricity hits the wraith.
The bolt of electricity hits you!
* * * LOW HITPOINT WARNING * * *
The wraith hits you.
You die...

Skill      XL: |  1  2  3  4  5  6  7  8  9 |
---------------+----------------------------+-----
Transmutations | 2 3 4 5 6 8 |  8.1
Unarmed Combat | 3 4 5 6 |  6.2
Poison Magic   | 1 |  1.7
Spellcasting   | 3 4 5 |  5.7
Ice Magic      | 1 3 5 6 |  6.7
Fighting       | |  1.0
Dodging        | |  1.7

Action                   |  1- 3 |  4- 6 |  7- 9 | 10-12 || total
-------------------------+-------+-------+-------+-------++-------
Melee: Unarmed           |   105 |   126 |   290 |     1 ||   522
       Kick              |    21 |     1 |       |       ||    22
       Headbutt          |     7 |     1 |       |       ||     8
       Punch             |     1 |       |       |       ||     1
       Touch             |       |     1 |     2 |       ||     3
 Cast: Beastly Appendage |    19 |     3 |       |       ||    22
       Wereblood         |     1 |     5 |     8 |       ||    14
       Spider Form       |       |    21 |     2 |       ||    23
       Ice Form          |       |     1 |    24 |       ||    25
Invok: Sacrifice Love    |       |       |     1 |       ||     1
  Use: Scroll            |     9 |     3 |     6 |       ||    18
       Potion            |       |       |     1 |       ||     1
Armor: Robe              |    17 |     3 |     2 |       ||    22
       Skin              |       |     9 |   114 |       ||   123
Dodge: Dodged            |    74 |    90 |   156 |       ||   320

Levels and vault maps discovered:
D:1:      dpeg_arrival_rooms_b, layout_loops_ring, serial_shops,
          nicolae_shop_competitors_out_of_business, st_stairs_1
D:2:      layout_basic, minmay_misc_feat_square
D:3:      layout_basic, nicolae_gozag_zags_fifth_avenue, trog_wizard,
          uniq_jessica, uniq_ijyb
D:4:      layout_basic, grunt_temple_overflow_open,
          mainiacjoe_overflow_alcove_1, grunt_ministairs_9
D:5:      layout_basic, lemuel_round_altar, lemuel_temple_firewalk_a,
          gammafunk_ghost_abyssal_escape, item_on_display_a, uniq_edmund
D:6:      layout_loops_corners, old_standard_altar,
          mainiacjoe_overflow_surrounded_room, nicolae_ossuary_entry_ruins,
          minivault_10
D:7:      layout_rooms, overflow_temple_1_default, makhleb_blood_cavern_becter
D:8:      layout_rooms, erik_lair_island
Temple:   nicolae_temple_ecumenical_triangle

Notes
Turn   | Place    | Note
-------+----------+-------------------------------------------
     0 | D:1      | kae the Demonspawn Transmuter began the quest for the Orb.
     0 | D:1      | Reached XP level 1. HP: 15/15 MP: 3/3
     0 | D:1      | magus.rc [v1.11.3]
   363 | D:1      | Reached skill level 2 in Transmutations
   398 | D:1      | Gained mutation: You sometimes gain a little power by
                  | taking damage. [demonic ancestry]
   398 | D:1      | Reached XP level 2. HP: 21/21 MP: 5/5
   529 | D:1      | Found Aruuv's Assorted Antiques.
   535 | D:1      | Bought a scroll labelled IFAINOG AGEOSE for 20 gold pieces
   535 | D:1      | Bought a scroll labelled KIZAORATYV for 20 gold pieces
   775 | D:2      | Learned a level 2 spell: Wereblood
   885 | D:2      | Reached skill level 3 in Unarmed Combat
   898 | D:2      | Reached XP level 3. HP: 26/26 MP: 2/6
   925 | D:2      | Learned a level 3 spell: Spider Form
  1428 | D:2      | You pick up a book of Geomancy and begin reading...
  1428 | D:2      | You add the spells Sandblast, Passwall and Stone Arrow to
                  | your library.
  1649 | D:3      | Noticed Ijyb
  1667 | D:3      | Killed Ijyb
  1668 | D:3      | Reached skill level 3 in Transmutations
  1668 | D:3      | Reached skill level 1 in Poison Magic
  1668 | D:3      | Gained mutation: You sometimes gain power by taking damage.
                  | [demonic ancestry]
  1668 | D:3      | Reached XP level 4. HP: 32/32 MP: 7/7
  1753 | D:3      | You pick up a book of Spatial Translocations and begin
                  | reading...
  1753 | D:3      | You add the spells Blink, Momentum Strike and Lesser
                  | Beckoning to your library.
  1763 | D:3      | Found an opulent altar of Gozag.
  1765 | D:3      | Found Gozag's Platinum Reserve.
  2100 | D:3      | Noticed Jessica
  2110 | D:3      | Killed Jessica
  2111 | D:3      | Gained mutation: Your touch may inflict minor irresistible
                  | damage on your foes. [demonic ancestry]
  2111 | D:3      | Reached XP level 5. HP: 37/37 MP: 5/9
  2436 | D:3      | Found a bloodstained altar of Trog.
  2447 | D:3      | Noticed a wizard
  2453 | D:3      | Killed a wizard
  2554 | D:3      | You pick up a book of Conjurations and begin reading...
  2554 | D:3      | You add the spells Magic Dart, Searing Ray and Fulminant
                  | Prism to your library.
  2864 | D:4      | Found an iron altar of Okawaru.
  2872 | D:4      | Found a stormy altar of Qazlal.
  2874 | D:4      | Found a radiant altar of Vehumet.
  2959 | D:4      | Noticed a black bear
  2983 | D:4      | Reached skill level 3 in Spellcasting
  3080 | D:4      | Reached skill level 4 in Transmutations
  3080 | D:4      | Reached XP level 6. HP: 28/43 MP: 4/10
  3308 | D:4      | Learned a level 4 spell: Ice Form
  3449 | D:4      | Found a hazy altar of Hepliaklqana.
  3769 | D:4      | Reached skill level 4 in Unarmed Combat
  3769 | D:4      | Reached skill level 1 in Ice Magic
  3880 | D:5      | Entered Level 5 of the Dungeon
  3927 | D:5      | Gained mutation: Your touch may inflict irresistible damage
                  | on your foes. [demonic ancestry]
  3927 | D:5      | Reached XP level 7. HP: 48/48 MP: 7/12
  3948 | D:5      | Reached skill level 2 in Ice Magic
  3994 | D:5      | Found a transporter.
  4008 | D:5      | Noticed a small abomination
  4028 | D:5      | Noticed Edmund
  4035 | D:5      | Killed Edmund
  4036 | D:5      | Reached skill level 5 in Transmutations
  4095 | D:5      | Noticed initializr's ghost (novice SpHs)
  4097 | D:5      | Found a one-way gate to the infinite horrors of the Abyss.
  4097 | D:5      | Found a transporter.
  4197 | D:5      | Reached skill level 4 in Spellcasting
  4197 | D:5      | Reached skill level 3 in Ice Magic
  4237 | D:5      | Reached XP level 8. HP: 54/54 MP: 14/14
  4481 | D:5      | Found an ornate altar of the Wu Jian Council.
  4691 | D:5      | Found a staircase to the Ecumenical Temple.
  4700 | Temple   | Entered the Ecumenical Temple
  4740 | Temple   | Became a worshipper of Ru the Awakened
  5026 | D:6      | magus.rc [v1.11.3]
  5059 | D:6      | Found a sand-covered staircase.
  5065 | Ossuary  | Entered an ossuary
  5143 | Ossuary  | Reached skill level 6 in Transmutations
  5143 | Ossuary  | Reached skill level 4 in Ice Magic
  5427 | D:6      | Reached skill level 5 in Unarmed Combat
  5642 | D:6      | Found a shimmering blue altar of Sif Muna.
  5751 | D:6      | Noticed a hornet
  5762 | D:6      | Killed a hornet
  5989 | D:6      | Reached skill level 5 in Ice Magic
  6215 | D:6      | Gained mutation: You regenerate a little health from kills.
                  | [demonic ancestry]
  6215 | D:6      | Reached XP level 9. HP: 59/59 MP: 11/16
  6637 | D:7      | Found a sparkling altar of Nemelex Xobeh.
  6670 | D:7      | Reached skill level 5 in Spellcasting
  6680 | D:7      | Reached skill level 7 in Transmutations
  7164 | D:7      | Found a burning altar of Makhleb.
  7177 | D:7      | Gained mutation: You are hated by all. [Ru sacrifice]
  7177 | D:7      | Reached * piety under Ru
  7310 | D:8      | Reached skill level 6 in Ice Magic
  7348 | D:8      | Noticed a troll
  7377 | D:8      | Reached skill level 6 in Unarmed Combat
  7378 | D:8      | HP: 12/70 [troll (8)]
  7383 | D:8      | HP: 13/70 [troll (3)]
  7384 | D:8      | Killed a troll
  7385 | D:8      | Reached skill level 8 in Transmutations
  7390 | D:8      | Gained mutation: Your touch may irresistibly damage your
                  | foes and sap their willpower. [demonic ancestry]
  7390 | D:8      | Reached XP level 10. HP: 18/65 MP: 18/18
  7390 | D:8      | HP: 6/65 [electric eel/bolt of electricity (11)]
  7390 | D:8      | Slain by a wraith

Vanquished Creatures
  A troll (D:8)
  A hornet (D:6)
  5 yaks (D:8)
  A water moccasin (D:5)
  Edmund (D:5)
  An orc warrior (D:7)
  2 sky beasts (D:7)
  An ice beast (D:7)
  A black bear (D:4)
  2 ogres (D:5)
  A phantom (D:6)
  3 bullfrogs
  2 scorpions
  3 necrophages
  4 water moccasin zombies (Ossuary)
  4 hounds
  5 jellies
  6 orc priests
  Ijyb (D:3)
  Jessica (D:3)
  4 iguanas
  7 orc wizards
  A hound skeleton (D:7)
  2 mummies (Ossuary)
  3 gnolls (D:5)
  6 adders
  2 shadow imps
  4 white imps
  2 ufetubi
  4 adder zombies (Ossuary)
  3 worms
  2 dart slugs
  19 orcs
  7 endoplasms
  3 giant cockroaches
  3 gnoll zombies (Ossuary)
  2 goblins (D:2)
  10 hobgoblins
  6 jackals
  2 quokkas (D:5)
  4 ball pythons
  3 bats (D:1)
  2 frilled lizards (D:2)
  3 hobgoblin zombies (Ossuary)
  10 kobolds
  10 kobold zombies (Ossuary)
  3 orc zombies (Ossuary)
  7 rats
180 creatures vanquished.

Vanquished Creatures (others)
  A wizard (D:3)
1 creature vanquished.

Grand Total: 181 creatures vanquished

Table legend:
 A = Non-vault XP
 B = Vault XP
 C = Vault XP percentage of total XP
 D = Non-vault monster count
 E = Vault monster count
 F = Vault count percentage of total count
                 A         B        C        D         E       F
            +---------+---------+-------+---------+---------+-------
      Total |    4398 |    1136 |  20.5 |     139 |      41 |  22.8
            +---------+---------+-------+---------+---------+-------
        D:1 |      16 |       5 |  23.8 |      10 |       3 |  23.1
        D:2 |      67 |       0 |   0.0 |      24 |       0 |   0.0
        D:3 |      95 |      75 |  44.1 |      14 |       2 |  12.5
        D:4 |     379 |      38 |   9.1 |      23 |       2 |   8.0
        D:5 |     779 |     149 |  16.1 |      17 |       1 |   5.6
        D:6 |     874 |       0 |   0.0 |      19 |       0 |   0.0
        D:7 |    1091 |     112 |   9.3 |      26 |       2 |   7.1
        D:8 |    1097 |     364 |  24.9 |       6 |       2 |  25.0
    Ossuary |       0 |     393 | 100.0 |       0 |      29 | 100.0
            +---------+---------+-------+---------+---------+-------

Illustrated notes

Table legend:
 A = Kills in this place as a percentage of kills in entire the game.
 B = Kills by you in this place as a percentage of kills by you in the entire game.
 C = Kills by friends in this place as a percentage of kills by friends in the entire game.
 D = Other kills in this place as a percentage of other kills in the entire game.
 E = Experience gained in this place as a percentage of experience gained in the entire game.
 F = Experience gained in this place divided by the number of levels of this place that you have seen.
                   A       B       C       D       E      F
               +-------+-------+-------+-------+-------+----------------------
         Total | 100.0 | 100.0 |   N/A |   N/A | 100.0 | 553.4
       Dungeon |  83.9 |  83.9 |   N/A |   N/A |  92.9 | 642.6
       Ossuary |  16.1 |  16.1 |   N/A |   N/A |   7.1 | 393.0
               +-------+-------+-------+-------+-------+----------------------

Table legend: (Time is in decaauts)
 A = Elapsed time spent in this place.
 B = Non-inter-level travel time spent in this place.
 C = Inter-level travel time spent in this place.
 D = Time resting spent in this place.
 E = Time spent auto-exploring this place.
 F = Levels seen in this place.
 G = Mean time per level.
                   A        B        C        D        E       F      G
               +--------+--------+--------+--------+--------+-----+--------+
         Total |   7345 |   7087 |    258 |     52 |   5781 |  10 |  734.5 |
       Dungeon |   7033 |   6780 |    253 |      2 |   5690 |   8 |  879.1 |
        Temple |     45 |     40 |      5 |      0 |     32 |   1 |   45.0 |
       Ossuary |    266 |    266 |      0 |     50 |     59 |   1 |  266.0 |
               +--------+--------+--------+--------+--------+-----+--------+

Top non-repeatable levels by time:
     D:6: 1246 daAuts
     D:3: 1119 daAuts
     D:5: 1093 daAuts
     D:4: 1092 daAuts
     D:2: 886 daAuts
     D:1: 768 daAuts
     D:7: 726 daAuts
 Ossuary: 266 daAuts
     D:8: 100 daAuts
  Temple: 45 daAuts
